[Event "BL Meisterschaftsturnier 2020"]
[Site "Karlsruhe"]
[Date "2020.09.17"]
[Round "2.15"]
[White "Polzin, Rainer"]
[Black "Zaragatski, Ilja"]
[Result "0-1"]
[ECO "B01"]
[WhiteElo "2415"]
[BlackElo "2517"]
[Annotator "RC"]
[PlyCount "158"]
[EventDate "2020.09.16"]
[EventType "team-tourn"]
[EventCountry "GER"]
[SourceTitle "playchess.com"]
[Source "ChessBase"]
[SourceQuality "1"]
[WhiteTeam "SF Berlin"]
[BlackTeam "Viernheim"]
[TimeControl "40/5400+30:1800+30"]

1. e4 d5 2. exd5 Qxd5 3. Nc3 Qa5 4. d4 Nf6 5. Nf3 Bf5 6. Bc4 e6 7. Bd2 Bb4 8. Ne5 Qb6 9. O-O Qxd4 10. Nb5 Qxd2 11. Nxc7+ Ke7 12. Qf3 Bd6 13. Qxb7 Nfd7 14. Nf3 Qf4 15. Nd5+ exd5 16. Bxd5 Kf6 17. Qxa8 Nb6 18. Qb7 N8d7 19. g3 Qb4 20. Nh4 Rb8 21. Qxa7 Bxc2 22. Bg2 g5 23. Nf3 Ra8 24. Qb7 Be4 25. a3 Qc4 26. Nd2 Qxf1+ 27. Kxf1 Bxb7 28. Bxb7 Rb8 29. Ne4+ Ke7 30. Re1 Ne5 31. Ba6 g4 32. Kg2 Nbd7 33. b4 Ra8 34. b5 Bxa3 35. h3 h5 36. Nc3 Kd8 37. Nd5 Bc5 38. hxg4 hxg4 39. Rd1 Rb8 40. Rh1 Nf8 41. Rh5 Nfg6 42. Rh1 Ke8 43. Rd1 Kf8 44. Rc1 Bxf2 45. Rc8+ Rxc8 46. Bxc8 Bc5 47. b6 Ne7 48. b7 N7c6 49. Nf6 Ke7 50. Nxg4 Nxg4 51. Bxg4 Kd6 52. Bf3 Nb8 53. Kh3 f6 54. Kg4 Be3 55. Kf5 Bg5 56. Ke4 Kc7 57. Kd4 Nd7 58. Be4 Bd2 59. Bd5 Be1 60. g4 Bf2+ 61. Ke4 Nc5+ 62. Kf5 Bh4 63. Kg6 Nxb7 64. Kf5 Nc5 65. Ba2 Kd6 66. Bc4 Bg5 67. Ba2 Nb7 68. Bb3 Kc5 69. Ba2 Kd4 70. Bb3 Nd6+ 71. Kg6 Ke5 72. Ba2 Ne4 73. Bb3 Nc5 74. Bc2 Kf4 75. Bf5 Ne4 76. Be6 Nf2 77. Kh5 Kg3 78. Bf5 Nh3 79. Kg6 Kh4 0-1

[Event "BL Meisterschaftsturnier 2020"]
[Site "Karlsruhe"]
[Date "2020.09.17"]
[Round "2.16"]
[White "Heinemann, Josefine"]
[Black "Rudolf, Henrik"]
[Result "1-0"]
[ECO "B85"]
[WhiteElo "2289"]
[BlackElo "2295"]
[Annotator "ChessBase"]
[PlyCount "81"]
[EventDate "2020.09.16"]
[EventType "team-tourn"]
[EventCountry "GER"]
[SourceTitle "playchess.com"]
[Source "ChessBase"]
[SourceQuality "1"]
[WhiteTeam "Viernheim"]
[BlackTeam "SF Berlin"]
[TimeControl "40/5400+30:1800+30"]

1. e4 c5 2. Nf3 Nc6 3. d4 cxd4 4. Nxd4 Qc7 5. Nc3 e6 6. Be2 Nf6 7. O-O a6 8. Be3 Be7 9. f4 d6 10. Qe1 O-O 11. Kh1 Nxd4 12. Bxd4 b5 13. Qg3 Bb7 14. a3 Rad8 15. Rae1 Bc6 16. Bd3 Rd7 17. e5 dxe5 18. Bxe5 Qb7 19. Ne4 Nh5 20. Qh3 g6 21. Re3 Rfd8 22. Ng5 Bc5 23. Re2 Rxd3 24. cxd3 Qd7 25. Ne4 Be7 26. Re3 f5 27. Nc3 a5 28. d4 b4 29. axb4 axb4 30. Nd1 Qd5 31. Qf3 Qc4 32. Qf2 Nf6 33. Ree1 Ne4 34. Qe3 Bh4 35. Nf2 Nxf2+ 36. Rxf2 Bxf2 37. Qxf2 Ra8 38. h3 Qd5 39. Kh2 Ra2 40. Re2 Qb5 41. Qh4 1-0

[Event "BL Meisterschaftsturnier 2020"]
[Site "Karlsruhe"]
[Date "2020.09.17"]
[Round "3.1"]
[White "Seel, Christian"]
[Black "McShane, Luke J"]
[Result "1/2-1/2"]
[ECO "B36"]
[WhiteElo "2475"]
[BlackElo "2680"]
[Annotator "ChessBase"]
[PlyCount "55"]
[EventDate "2020.09.16"]
[EventType "team-tourn"]
[EventCountry "GER"]
[WhiteTeam "Aachen"]
[BlackTeam "Werder Bremen"]
[TimeControl "40/5400+30:1800+30"]

1. Nf3 c5 2. c4 g6 3. e4 Nc6 4. d4 cxd4 5. Nxd4 Nf6 6. Nc3 Nxd4 7. Qxd4 d6 8. Be2 Bg7 9. Be3 O-O 10. Qd2 a5 11. O-O a4 12. f3 Qa5 13. Rab1 Be6 14. Rfc1 Rfc8 15. b4 axb3 16. axb3 Qb4 17. Nd5 Qxd2 18. Bxd2 Ra2 19. Nxe7+ Kf8 20. Nxc8 Rxd2 21. Nxd6 Nh5 22. Bf1 Rxd6 23. Rd1 Ra6 24. c5 Ra8 25. Bc4 Nf4 26. Bxe6 Nxe6 27. b4 Bd4+ 28. Kh1 1/2-1/2

[Event "BL Meisterschaftsturnier 2020"]
[Site "Karlsruhe"]
[Date "2020.09.17"]
[Round "3.2"]
[White "Areshchenko, Alexander"]
[Black "Koch, Thomas"]
[Result "1-0"]
[ECO "B84"]
[WhiteElo "2678"]
[BlackElo "2461"]
[Annotator "ChessBase"]
[PlyCount "41"]
[EventDate "2020.09.16"]
[EventType "team-tourn"]
[EventCountry "GER"]
[WhiteTeam "Werder Bremen"]
[BlackTeam "Aachen"]
[TimeControl "40/5400+30:1800+30"]

1. e4 c5 2. Nf3 d6 3. d4 cxd4 4. Nxd4 Nf6 5. Nc3 a6 6. Be2 e6 7. f4 Qc7 8. O-O Be7 9. Be3 O-O 10. g4 Nc6 11. g5 Nxd4 12. Qxd4 Nd7 13. f5 Re8 14. Rf2 b5 15. fxe6 fxe6 16. Nd5 exd5 17. Qxd5+ Kh8 18. Qxa8 Nb6 19. Bxb6 Qxb6 20. Raf1 Bxg5 21. Qc6 1-0

[Event "BL Meisterschaftsturnier 2020"]
[Site "Karlsruhe"]
[Date "2020.09.17"]
[Round "3.2"]
[White "Tari, Aryan"]
[Black "Malakhov, Vladimir"]
[Result "1/2-1/2"]
[ECO "C45"]
[WhiteElo "2630"]
[BlackElo "2669"]
[Annotator "ChessBase"]
[PlyCount "41"]
[EventDate "2020.09.16"]
[EventType "team-tourn"]
[EventCountry "GER"]
[WhiteTeam "Solingen"]
[BlackTeam "Viernheim"]
[TimeControl "40/5400+30:1800+30"]

1. e4 e5 2. Nf3 Nc6 3. d4 exd4 4. Nxd4 Bc5 5. Nxc6 bxc6 6. Bd3 Qh4 7. O-O Nf6 8. Qf3 O-O 9. e5 Ng4 10. Bf4 Bd4 11. Bg3 Nxe5 12. Qf5 d6 13. Qxe5 Bxe5 14. Bxh4 Bxb2 15. Nd2 Bxa1 16. Rxa1 Rb8 17. f3 Be6 18. Bf2 c5 19. Kf1 f6 20. Ke1 Rfe8 21. Kd1 1/2-1/2

[Event "BL Meisterschaftsturnier 2020"]
[Site "Karlsruhe"]
[Date "2020.09.17"]
[Round "3.3"]
[White "Vandenbussche, Thibaut"]
[Black "Efimenko, Zahar"]
[Result "1/2-1/2"]
[ECO "B30"]
[WhiteElo "2435"]
[BlackElo "2602"]
[Annotator "ChessBase"]
[PlyCount "79"]
[EventDate "2020.09.16"]
[EventType "team-tourn"]
[EventCountry "GER"]
[WhiteTeam "Aachen"]
[BlackTeam "Werder Bremen"]
[TimeControl "40/5400+30:1800+30"]

1. e4 c5 2. Nf3 Nc6 3. Bb5 d6 4. O-O Bd7 5. Re1 Nf6 6. c3 a6 7. Bf1 Bg4 8. h3 Bxf3 9. Qxf3 e6 10. d3 Be7 11. Nd2 O-O 12. Qd1 d5 13. e5 Nd7 14. Nf3 d4 15. g3 b5 16. Bg2 Rc8 17. h4 dxc3 18. bxc3 Nb6 19. Ng5 Nd5 20. Qg4 Qd7 21. c4 Nc3 22. cxb5 axb5 23. Bb2 b4 24. Bxc3 bxc3 25. Bxc6 Rxc6 26. Qc4 Rd8 27. Re3 Qd4 28. Rc1 Ra8 29. Re4 Qxc4 30. Rxc4 Rxa2 31. R1xc3 Rb6 32. d4 h6 33. Ne4 cxd4 34. Rxd4 Rb7 35. Rc8+ Kh7 36. Rdc4 Ra5 37. R8c7 Rxc7 38. Rxc7 Rxe5 39. Rxe7 Rxe4 40. Rxf7 1/2-1/2

[Event "BL Meisterschaftsturnier 2020"]
[Site "Karlsruhe"]
[Date "2020.09.17"]
[Round "3.4"]
[White "Andersen, Mads"]
[Black "Korobov, Anton"]
[Result "1/2-1/2"]
[ECO "D12"]
[WhiteElo "2585"]
[BlackElo "2688"]
[Annotator "ChessBase"]
[PlyCount "44"]
[EventDate "2020.09.16"]
[EventType "team-tourn"]
[EventCountry "GER"]
[WhiteTeam "Solingen"]
[BlackTeam "Viernheim"]
[TimeControl "40/5400+30:1800+30"]

1. d4 d5 2. c4 c6 3. Nf3 Nf6 4. e3 Bf5 5. Nc3 e6 6. Nh4 Bg6 7. Be2 Nbd7 8. g3 Bd6 9. O-O a6 10. a4 a5 11. Qb3 Qb8 12. Nxg6 hxg6 13. Bf3 O-O 14. Rd1 Bb4 15. Na2 Bd6 16. Nc3 Bb4 17. Na2 Bd6 18. Bg2 Qa7 19. Nc3 Bb4 20. Na2 Bd6 21. Nc3 Bb4 22. Na2 Bd6 1/2-1/2

[Event "BL Meisterschaftsturnier 2020"]
[Site "Karlsruhe"]
[Date "2020.09.17"]
[Round "3.4"]
[White "Van Foreest, Lucas"]
[Black "Piceu, Tom"]
[Result "0-1"]
[ECO "B96"]
[WhiteElo "2531"]
[BlackElo "2347"]
[Annotator "ChessBase"]
[PlyCount "74"]
[EventDate "2020.09.16"]
[EventType "team-tourn"]
[EventCountry "GER"]
[WhiteTeam "Werder Bremen"]
[BlackTeam "Aachen"]
[TimeControl "40/5400+30:1800+30"]

1. e4 c5 2. Nf3 d6 3. d4 cxd4 4. Nxd4 Nf6 5. Nc3 a6 6. Bg5 e6 7. f4 h6 8. Bh4 Nbd7 9. Be2 b5 10. f5 e5 11. Ne6 fxe6 12. fxe6 Nb6 13. Bh5+ Ke7 14. O-O Bxe6 15. Nd5+ Bxd5 16. exd5 Kd7 17. Bf7 Be7 18. Bf2 Kc7 19. Re1 Kb7 20. a4 Qc7 21. a5 Nc4 22. b3 Nxa5 23. c4 Nd7 24. c5 Nxc5 25. b4 Rhf8 26. Bh5 Ncb3 27. Ra2 Bd8 28. bxa5 Nxa5 29. Rc2 Nc4 30. Qd3 Qd7 31. Rb1 Bb6 32. Qxc4 Rxf2 33. Qc6+ Qxc6 34. dxc6+ Kc7 35. Rxf2 Rf8 36. Rbb2 d5 37. Bf3 e4 0-1

[Event "BL Meisterschaftsturnier 2020"]
[Site "Karlsruhe"]
[Date "2020.09.17"]
[Round "3.5"]
[White "Anton Guijarro, David"]
[Black "Van Wely, Loek"]
[Result "0-1"]
[ECO "B89"]
[WhiteElo "2688"]
[BlackElo "2615"]
[Annotator "ChessBase"]
[PlyCount "104"]
[EventDate "2020.09.16"]
[EventType "team-tourn"]
[EventCountry "GER"]
[WhiteTeam "Viernheim"]
[BlackTeam "Solingen"]
[TimeControl "40/5400+30:1800+30"]

1. e4 c5 2. Nf3 e6 3. d4 cxd4 4. Nxd4 Nc6 5. Nc3 d6 6. Be3 Nf6 7. Bc4 a6 8. Qe2 Be7 9. O-O-O Qc7 10. Bb3 Na5 11. g4 b5 12. g5 Nxb3+ 13. axb3 Nd7 14. Nf5 exf5 15. Nd5 Qd8 16. exf5 Bb7 17. Rhg1 Bxd5 18. Rxd5 O-O 19. f6 Nxf6 20. gxf6 Bxf6 21. Rgd1 Qe7 22. Rxd6 Be5 23. Rd7 Qf6 24. Kb1 Rfe8 25. h3 Rac8 26. Qd3 Bxb2 27. Rd6 Qe5 28. Rxa6 Bc3 29. Bd4 Bxd4 30. Qxd4 Qf5 31. Rd2 h5 32. Rd6 Qxh3 33. Kb2 Qf1 34. Rd5 Ra8 35. Rd1 Qe2 36. Rg1 g6 37. Rd6 Qe5 38. f4 Qxd4+ 39. Rxd4 Rad8 40. Kc3 Re3+ 41. Kd2 Ree8 42. Kd3 b4 43. c4 bxc3 44. b4 Rxd4+ 45. Kxd4 Rc8 46. b5 h4 47. b6 h3 48. b7 Rb8 49. Kxc3 Rxb7 50. f5 h2 51. Rh1 g5 52. Rxh2 Kg7 0-1

[Event "BL Meisterschaftsturnier 2020"]
[Site "Karlsruhe"]
[Date "2020.09.17"]
[Round "3.5"]
[White "Klein, Felix"]
[Black "Werle, Jan"]
[Result "0-1"]
[ECO "B67"]
[WhiteElo "2307"]
[BlackElo "2580"]
[Annotator "ChessBase"]
[PlyCount "90"]
[EventDate "2020.09.16"]
[EventType "team-tourn"]
[EventCountry "GER"]
[WhiteTeam "Aachen"]
[BlackTeam "Werder Bremen"]
[TimeControl "40/5400+30:1800+30"]

1. e4 c5 2. Nf3 d6 3. d4 cxd4 4. Nxd4 Nf6 5. Nc3 Nc6 6. Bg5 e6 7. Qd2 a6 8. O-O-O Bd7 9. Kb1 Be7 10. h4 h6 11. Be3 Ng4 12. f4 Nxe3 13. Qxe3 Qb6 14. Qg3 O-O 15. Nb3 a5 16. a4 Nb4 17. Nb5 Bc6 18. Qe1 Rfd8 19. Rh3 Rac8 20. c3 Na6 21. g4 Nc5 22. Nxc5 Qxc5 23. g5 h5 24. Qe3 g6 25. Kc1 Qxe3+ 26. Rxe3 d5 27. f5 Bc5 28. Red3 d4 29. fxg6 Bxe4 30. gxf7+ Kxf7 31. g6+ Kg7 32. Nxd4 Bxd3 33. Nxe6+ Kf6 34. Nxc5 Bxg6 35. Rxd8 Rxd8 36. Nxb7 Ra8 37. Bb5 Ke5 38. b4 axb4 39. cxb4 Kd4 40. Kb2 Rf8 41. Nd6 Rf6 42. Nc4 Rf2+ 43. Kc1 Kc3 44. Kd1 Rf1+ 45. Ke2 Bd3+ 0-1

[Event "BL Meisterschaftsturnier 2020"]
[Site "Karlsruhe"]
[Date "2020.09.17"]
[Round "3.6"]
[White "Nikolic, Predrag"]
[Black "Amin, Bassem"]
[Result "0-1"]
[ECO "A49"]
[WhiteElo "2562"]
[BlackElo "2686"]
[Annotator "ChessBase"]
[PlyCount "74"]
[EventDate "2020.09.16"]
[EventType "team-tourn"]
[EventCountry "GER"]
[WhiteTeam "Solingen"]
[BlackTeam "Viernheim"]
[TimeControl "40/5400+30:1800+30"]

1. d4 Nf6 2. Nf3 g6 3. g3 Bg7 4. Bg2 O-O 5. c4 d6 6. O-O Nc6 7. d5 Na5 8. Nfd2 c6 9. a3 cxd5 10. cxd5 Qc7 11. Ra2 Bf5 12. e4 Bg4 13. f3 Bd7 14. Re1 Rfc8 15. Bf1 Qc5+ 16. Kh1 Qf2 17. Qe2 Qxe2 18. Bxe2 Ba4 19. Nc3 Bc2 20. a4 Nd7 21. Nb5 a6 22. b4 Bb3 23. Ra3 Bc4 24. Nc3 Bxc3 25. Rxc3 Bxe2 26. Rxc8+ Rxc8 27. bxa5 Rc2 28. Rxe2 Rxc1+ 29. Kg2 Nc5 30. f4 Ra1 31. Nf3 Rxa4 32. e5 Kf8 33. Rb2 Rxa5 34. Rb6 Ra2+ 35. Kg1 Ra3 36. Nd2 Rd3 37. Nc4 dxe5 0-1

[Event "BL Meisterschaftsturnier 2020"]
[Site "Karlsruhe"]
[Date "2020.09.17"]
[Round "3.6"]
[White "Fish, Gennadij"]
[Black "Meessen, Rudolf"]
[Result "1-0"]
[ECO "A40"]
[WhiteElo "2453"]
[BlackElo "2234"]
[Annotator "ChessBase"]
[PlyCount "127"]
[EventDate "2020.09.16"]
[EventType "team-tourn"]
[EventCountry "GER"]
[WhiteTeam "Werder Bremen"]
[BlackTeam "Aachen"]
[TimeControl "40/5400+30:1800+30"]

1. d4 g6 2. c4 Bg7 3. Nf3 d6 4. Nc3 Nc6 5. g3 e5 6. Bg5 f6 7. Bc1 Bg4 8. Bg2 Qc8 9. Be3 Bh3 10. Bxh3 Qxh3 11. Qa4 Qd7 12. O-O-O Bh6 13. dxe5 Nxe5 14. Qxd7+ Nxd7 15. Bxh6 Nxh6 16. Nb5 Kd8 17. h3 Re8 18. e3 a6 19. Nc3 b5 20. cxb5 axb5 21. Nd4 Nc5 22. Ndxb5 f5 23. Kc2 Kd7 24. a3 Ne4 25. Rhf1 Nf7 26. Nd5 Re5 27. Nbc3 Nxc3 28. Nxc3 c6 29. Rd4 d5 30. Ra4 Rxa4 31. Nxa4 Nd6 32. Nc5+ Kc7 33. b4 Nc4 34. Ra1 g5 35. Kd3 f4 36. e4 Re7 37. gxf4 gxf4 38. a4 Ne5+ 39. Kc3 Nf3 40. exd5 cxd5 41. a5 Kc6 42. a6 Kb6 43. Ra5 Rc7 44. Kb2 Ne5 45. Na4+ Ka7 46. Rxd5 Nc4+ 47. Kb3 Nb6 48. Nxb6 Kxb6 49. b5 Rc1 50. Rf5 Rb1+ 51. Kc4 Rc1+ 52. Kd3 Rh1 53. Rh5 Ra1 54. Ke4 Ra4+ 55. Kf3 Rc4 56. Rxh7 Kxb5 57. a7 Ra4 58. h4 Kc5 59. h5 Kd6 60. h6 Ke6 61. Rb7 Kf5 62. h7 Ra3+ 63. Kg2 f3+ 64. Kg3 1-0

[Event "BL Meisterschaftsturnier 2020"]
[Site "Karlsruhe"]
[Date "2020.09.17"]
[Round "3.7"]
[White "Kovalenko, Igor"]
[Black "Wegerle, Joerg"]
[Result "1-0"]
[ECO "D05"]
[WhiteElo "2645"]
[BlackElo "2401"]
[Annotator "ChessBase"]
[PlyCount "79"]
[EventDate "2020.09.16"]
[EventType "team-tourn"]
[EventCountry "GER"]
[WhiteTeam "Viernheim"]
[BlackTeam "Solingen"]
[TimeControl "40/5400+30:1800+30"]

1. d4 d5 2. Nf3 e6 3. e3 c5 4. b3 Nf6 5. Bd3 Be7 6. O-O O-O 7. Bb2 Nc6 8. a3 b6 9. Nbd2 Bb7 10. Qe2 a5 11. Ne5 cxd4 12. Nxc6 Bxc6 13. Bxd4 Nd7 14. f4 f5 15. g4 Nc5 16. Nf3 Rc8 17. Rf2 Be8 18. Rg2 Nxd3 19. cxd3 fxg4 20. Ne5 Bf6 21. Qxg4 Qe7 22. h4 Bg6 23. h5 Bf5 24. Qe2 h6 25. Kh1 Rc7 26. Rag1 Rfc8 27. Qb2 Qe8 28. Ng6 Bxd3 29. Bxf6 Be4 30. Qe5 Bxg2+ 31. Rxg2 Rc1+ 32. Kh2 R8c2 33. Bh4 Rxg2+ 34. Kxg2 Kf7 35. f5 Qc6 36. fxe6+ Ke8 37. Qb8+ Qc8 38. Qd6 Qc2+ 39. Bf2 Qe4+ 40. Kg3 1-0

[Event "BL Meisterschaftsturnier 2020"]
[Site "Karlsruhe"]
[Date "2020.09.17"]
[Round "3.7"]
[White "Coenen, Norbert"]
[Black "Wachinger, Nikolas"]
[Result "0-1"]
[ECO "B92"]
[WhiteElo "2289"]
[BlackElo "2304"]
[Annotator "ChessBase"]
[PlyCount "76"]
[EventDate "2020.09.16"]
[EventType "team-tourn"]
[EventCountry "GER"]
[WhiteTeam "Aachen"]
[BlackTeam "Werder Bremen"]
[TimeControl "40/5400+30:1800+30"]

1. e4 c5 2. Nf3 d6 3. d4 cxd4 4. Nxd4 Nf6 5. Nc3 a6 6. Be2 e5 7. Nb3 Be7 8. O-O O-O 9. Be3 Be6 10. Qd2 Nbd7 11. a4 Nb6 12. Rfd1 Rc8 13. a5 Nc4 14. Bxc4 Rxc4 15. f3 Qc8 16. Rac1 Rd8 17. Nd5 Nxd5 18. exd5 Bf5 19. c3 Qd7 20. Qe2 Rdc8 21. Nd2 Ra4 22. b4 Ra2 23. Qf1 Bc2 24. Ra1 Rxa1 25. Rxa1 Rxc3 26. Qc1 Qc8 27. Ra3 Bb3 28. Qb2 Rxe3 29. Rxb3 Re1+ 30. Kf2 Rc1 31. Rd3 Rc2 32. Qb3 Bg5 33. Ke2 e4 34. fxe4 Qg4+ 35. Ke1 Rc1+ 36. Kf2 Bxd2 37. Rxd2 Qf4+ 38. Ke2 Qxe4+ 0-1

[Event "BL Meisterschaftsturnier 2020"]
[Site "Karlsruhe"]
[Date "2020.09.17"]
[Round "3.8"]
[White "Halvax, Georg"]
[Black "Fedorchuk, Sergey A."]
[Result "1/2-1/2"]
[ECO "E16"]
[WhiteElo "2402"]
[BlackElo "2615"]
[Annotator "ChessBase"]
[PlyCount "41"]
[EventDate "2020.09.16"]
[EventType "team-tourn"]
[EventCountry "GER"]
[WhiteTeam "Solingen"]
[BlackTeam "Viernheim"]
[TimeControl "40/5400+30:1800+30"]

1. d4 Nf6 2. c4 e6 3. Nf3 b6 4. g3 Bb7 5. Bg2 Bb4+ 6. Bd2 Bxd2+ 7. Qxd2 d6 8. O-O Qe7 9. Nc3 Ne4 10. Qc2 Nxc3 11. Qxc3 O-O 12. Rac1 Nd7 13. Rfd1 a5 14. Ne5 Bxg2 15. Nxd7 Qxd7 16. Kxg2 a4 17. e4 h6 18. b4 axb3 19. axb3 Ra2 20. Ra1 Rfa8 21. Rxa2 1/2-1/2

[Event "BL Meisterschaftsturnier 2020"]
[Site "Karlsruhe"]
[Date "2020.09.17"]
[Round "3.8"]
[White "Colbow, Collin"]
[Black "Lamby, Philipp"]
[Result "1-0"]
[ECO "C77"]
[WhiteElo "2210"]
[BlackElo "2130"]
[Annotator "ChessBase"]
[PlyCount "89"]
[EventDate "2020.09.16"]
[EventType "team-tourn"]
[EventCountry "GER"]
[WhiteTeam "Werder Bremen"]
[BlackTeam "Aachen"]
[TimeControl "40/5400+30:1800+30"]

1. e4 e5 2. Nf3 Nc6 3. Bb5 a6 4. Ba4 Nf6 5. Nc3 Bd6 6. d3 h6 7. a3 b5 8. Bb3 Bc5 9. Nxe5 Nxe5 10. d4 Bd6 11. dxe5 Bxe5 12. Nd5 c6 13. f4 Nxd5 14. exd5 Bd6 15. O-O O-O 16. Be3 c5 17. c4 Rb8 18. cxb5 Rxb5 19. Qd3 f5 20. Rac1 Qb6 21. Rc3 a5 22. Rb1 a4 23. Bxa4 Rxb2 24. Rxb2 Qxb2 25. Qc2 Qa1+ 26. Qc1 Qxc1+ 27. Rxc1 c4 28. Rxc4 Bxa3 29. Bc5 Bxc5+ 30. Rxc5 Kf7 31. Kf2 Ke7 32. Ke3 Kd6 33. Kd4 Ba6 34. Ra5 Ra8 35. Bc2 g6 36. h4 h5 37. g3 Bb7 38. Rb5 Kc7 39. Ke5 Ra3 40. Rb3 Ra5 41. Rc3+ Kd8 42. Bb3 Ra3 43. d6 Bc6 44. Kd4 Ba4 45. Bf7 1-0

[Event "BL Meisterschaftsturnier 2020"]
[Site "Karlsruhe"]
[Date "2020.09.17"]
[Round "3.9"]
[White "Kamsky, Gata"]
[Black "Huschenbeth, Niclas"]
[Result "1-0"]
[ECO "A00"]
[WhiteElo "2674"]
[BlackElo "2612"]
[Annotator "ChessBase"]
[PlyCount "93"]
[EventDate "2020.09.16"]
[EventType "team-tourn"]
[EventCountry "GER"]
[WhiteTeam "Deizisau"]
[BlackTeam "Bayern Muenchen"]
[TimeControl "40/5400+30:1800+30"]

1. g3 d5 2. Bg2 Nf6 3. Nf3 c5 4. O-O e6 5. d3 Nc6 6. Nbd2 Be7 7. e4 b6 8. Re1 Bb7 9. c3 Qc7 10. Qe2 O-O 11. e5 Nd7 12. Nf1 b5 13. h4 Rfc8 14. Bg5 Bf8 15. N1h2 a5 16. Bf4 a4 17. a3 b4 18. Ng4 bxc3 19. bxc3 Qa5 20. Bd2 Qd8 21. Bg5 Qa5 22. Bd2 Qd8 23. Bg5 Qc7 24. Bf4 Ba6 25. Rad1 Rab8 26. Ng5 h6 27. Nxf7 Kxf7 28. Bxd5 Nd8 29. Be4 Bb7 30. d4 cxd4 31. Rxd4 Bxe4 32. Qxe4 Nc5 33. Qh7 Ke8 34. Bxh6 Qf7 35. Rf4 gxh6 36. Rxf7 Nxf7 37. Nf6+ Ke7 38. g4 Rc7 39. g5 hxg5 40. hxg5 Kd8 41. Qg8 Ke7 42. Rd1 Rbb7 43. Qh7 Nd7 44. Rxd7+ Rxd7 45. g6 Rd1+ 46. Kg2 Kd8 47. Qg8 1-0

[Event "BL Meisterschaftsturnier 2020"]
[Site "Karlsruhe"]
[Date "2020.09.17"]
[Round "3.10"]
[White "Bogner, Sebastian"]
[Black "Heimann, Andreas"]
[Result "1-0"]
[ECO "A06"]
[WhiteElo "2571"]
[BlackElo "2617"]
[Annotator "ChessBase"]
[PlyCount "63"]
[EventDate "2020.09.16"]
[EventType "team-tourn"]
[EventCountry "GER"]
[WhiteTeam "Bayern Muenchen"]
[BlackTeam "Deizisau"]
[TimeControl "40/5400+30:1800+30"]

1. Nf3 d5 2. e3 c5 3. c4 d4 4. exd4 cxd4 5. g3 Nc6 6. Bg2 e5 7. O-O Nf6 8. Re1 Nd7 9. d3 Be7 10. Na3 O-O 11. Nc2 a5 12. Na3 Bb4 13. Bd2 Re8 14. Nb5 Nc5 15. Ng5 Bg4 16. Qxg4 Bxd2 17. Ne4 Bxe1 18. Nxc5 Bb4 19. Nxb7 Qc8 20. Qxc8 Rexc8 21. c5 Rab8 22. N7d6 Ne7 23. Nxc8 Nxc8 24. Nc7 Bd2 25. Rb1 Ne7 26. Na6 Rb5 27. b3 a4 28. b4 a3 29. Rb3 f5 30. Rxa3 e4 31. dxe4 Nc6 32. Bf1 1-0

[Event "BL Meisterschaftsturnier 2020"]
[Site "Karlsruhe"]
[Date "2020.09.17"]
[Round "3.10"]
[White "Baldauf, Marco"]
[Black "Wojtaszek, Radoslaw"]
[Result "1/2-1/2"]
[ECO "E35"]
[WhiteElo "2503"]
[BlackElo "2717"]
[Annotator "ChessBase"]
[PlyCount "81"]
[EventDate "2020.09.16"]
[EventType "team-tourn"]
[EventCountry "GER"]
[WhiteTeam "SF Berlin"]
[BlackTeam "Baden-Baden"]
[TimeControl "40/5400+30:1800+30"]

1. d4 Nf6 2. c4 e6 3. Nc3 Bb4 4. Qc2 d5 5. cxd5 exd5 6. Bg5 h6 7. Bh4 Nc6 8. e3 g5 9. Bg3 h5 10. Bb5 h4 11. Be5 O-O 12. Bxc6 bxc6 13. Nge2 Rb8 14. O-O Bd6 15. f4 Ng4 16. Rf3 gxf4 17. exf4 Qe7 18. h3 Nh6 19. g4 f6 20. Bxd6 cxd6 21. Kf2 f5 22. Re3 Qd7 23. g5 Nf7 24. Re1 Nh8 25. b3 Ng6 26. Qd2 Qb7 27. Nc1 Qb4 28. R3e2 Bd7 29. Kg1 Kf7 30. Kh2 Rfe8 31. Rxe8 Bxe8 32. Re3 Bd7 33. N1e2 Rf8 34. Kg1 Bc8 35. Qd3 Kg7 36. Kf2 Qa5 37. Qc2 Qb4 38. Na4 Ba6 39. Nac3 Bc8 40. Na4 Ba6 41. Nac3 1/2-1/2

[Event "BL Meisterschaftsturnier 2020"]
[Site "Karlsruhe"]
[Date "2020.09.17"]
[Round "3.11"]
[White "Bluebaum, Matthias"]
[Black "Dragnev, Valentin"]
[Result "1/2-1/2"]
[ECO "D90"]
[WhiteElo "2660"]
[BlackElo "2553"]
[Annotator "ChessBase"]
[PlyCount "67"]
[EventDate "2020.09.16"]
[EventType "team-tourn"]
[EventCountry "GER"]
[WhiteTeam "Deizisau"]
[BlackTeam "Bayern Muenchen"]
[TimeControl "40/5400+30:1800+30"]

1. d4 Nf6 2. c4 g6 3. Nc3 d5 4. Nf3 Bg7 5. h3 O-O 6. cxd5 Nxd5 7. e4 Nxc3 8. bxc3 c5 9. Be2 b6 10. Be3 Bb7 11. Qd3 cxd4 12. cxd4 Ba6 13. Qc2 Qd7 14. Bxa6 Nxa6 15. O-O Rac8 16. Qb3 Nb8 17. Rad1 Nc6 18. d5 Na5 19. Qb1 Nc4 20. Bd4 e5 21. dxe6 Qxe6 22. Bxg7 Kxg7 23. Rd5 Rfd8 24. Qd3 Rxd5 25. exd5 Qf6 26. Nd2 Nxd2 27. Qxd2 Rd8 28. Rd1 Rd6 29. Qe3 h5 30. Rd4 Rd7 31. Qd2 Rd6 32. Qe3 Rd7 33. Qd2 Rd6 34. Qe3 1/2-1/2

[Event "BL Meisterschaftsturnier 2020"]
[Site "Karlsruhe"]
[Date "2020.09.17"]
[Round "3.12"]
[White "Studer, Noel"]
[Black "Keymer, Vincent"]
[Result "0-1"]
[ECO "B90"]
[WhiteElo "2573"]
[BlackElo "2568"]
[Annotator "ChessBase"]
[PlyCount "96"]
[EventDate "2020.09.16"]
[EventType "team-tourn"]
[EventCountry "GER"]
[WhiteTeam "Bayern Muenchen"]
[BlackTeam "Deizisau"]
[TimeControl "40/5400+30:1800+30"]

1. e4 c5 2. Nf3 d6 3. d4 cxd4 4. Nxd4 Nf6 5. Nc3 a6 6. Be3 e5 7. Nf3 Be7 8. Bc4 Be6 9. Bxe6 fxe6 10. Ng5 Qd7 11. Qf3 Nc6 12. Qh3 Nd8 13. Bb6 h6 14. O-O-O O-O 15. Bxd8 hxg5 16. Bxe7 Qxe7 17. Qg3 b5 18. f3 g4 19. Rhe1 gxf3 20. Qxf3 Rac8 21. Qd3 Rfd8 22. Kb1 Rc4 23. a4 Qe8 24. axb5 axb5 25. b3 Rc5 26. Na2 d5 27. exd5 Nxd5 28. Qg3 Rdc8 29. Rxe5 Rxc2 30. Rdxd5 Qc6 31. Rd1 Rxa2 32. Kxa2 Qc2+ 33. Ka3 Qxd1 34. Qe3 Qd6+ 35. Kb2 Ra8 36. Rxe6 Qa3+ 37. Kc3 Rc8+ 38. Kd4 Qb2+ 39. Ke4 Qxg2+ 40. Kd4 Qb2+ 41. Kd5 Qg2+ 42. Kd4 Qg4+ 43. Kd5 Qd1+ 44. Ke5 Qc2 45. Qh3 Rd8 46. Kf4 Rd4+ 47. Kg5 Rd5+ 48. Kf4 Qf2+ 0-1

[Event "BL Meisterschaftsturnier 2020"]
[Site "Karlsruhe"]
[Date "2020.09.17"]
[Round "3.13"]
[White "Vallejo Pons, Francisco"]
[Black "Jakubowski, Krzysztof"]
[Result "1-0"]
[ECO "B47"]
[WhiteElo "2710"]
[BlackElo "2481"]
[Annotator "ChessBase"]
[PlyCount "73"]
[EventDate "2020.09.16"]
[EventType "team-tourn"]
[EventCountry "GER"]
[WhiteTeam "Baden-Baden"]
[BlackTeam "SF Berlin"]
[TimeControl "40/5400+30:1800+30"]

1. e4 c5 2. Nf3 e6 3. d4 cxd4 4. Nxd4 Nc6 5. Nc3 Qc7 6. Qd3 Nf6 7. Ndb5 Qb8 8. Qg3 d6 9. Be3 a6 10. Nd4 h5 11. f3 Ne5 12. O-O-O b5 13. Bd3 h4 14. Qe1 h3 15. g4 Nfd7 16. Kb1 g6 17. g5 b4 18. Nce2 Nc5 19. Nc1 Bd7 20. Rf1 a5 21. Be2 Bg7 22. f4 Nc6 23. e5 Nd8 24. exd6 Na4 25. Nd3 Qxd6 26. Ne5 Bxe5 27. fxe5 Qxe5 28. Bf4 Qc5 29. Nb3 Qa7 30. Be5 Rh7 31. Rf4 f5 32. gxf6 Nf7 33. Bd3 g5 34. Rd4 Rh6 35. Bc4 Nb6 36. Rxd7 Nxd7 37. Bd4 1-0